 Dungeon Crawl Stone Soup version 0.15-a0-335-g04a2ae6 (webtiles) character file.

2929 4tharraofdagon the Thaumaturge (level 9, 0/45 HPs)
             Began as a Deep Elf Fire Elementalist on May 1, 2014.
             Was a Believer of Sif Muna.
             Slain by a yak (16 damage)
             ... on Level 4 of the Lair of Beasts.
             The game lasted 00:13:55 (1838 turns).

4tharraofdagon the Thaumaturge (DEFE)               Turns: 1838, Time: 00:13:55

HP   0/45        AC  3     Str  5      XL: 9   Next: 36%
MP   5/28        EV 13     Int 24      God: Sif Muna [**....]
Gold 273         SH  0     Dex 15      Spells:  4 memorised, 11 levels left

rFire  + . .     SeeInvis .     n - +1,+0 falchion
rCold  . . .     Clarity  +     a - +0 robe
rNeg   . . .     Conserve .     (no shield)
rPois  .         rCorr    .     (no helmet)
rElec  .         rRot     .     H - +0 cloak
SustAb . .       Spirit   .     (no gloves)
rMut   .         Warding  .     (no boots)
Saprov . . .     Stasis   .     d - amulet of clarity
MR     .....                    (no ring)
                                C - ring of protection from fire

@: very slightly contaminated, not resistant to hostile enchantments, unstealthy
A: no striking features
a: Channel Energy, Forget Spell, Renounce Religion


You were on level 4 of the Lair of Beasts.
You worshipped Sif Muna.
Sif Muna was pleased with you.
You were not hungry.

You visited 3 branches of the dungeon, and saw 13 of its levels.

You collected 273 gold pieces.

Inventory:

Hand weapons
 n - a +1,+0 falchion (weapon)
 v - a +0 blowgun
 E - the +3,+1 battleaxe "Ocoleuph" {chop, rElec rC- MR++ Dex-4 SInv}
   (You found it on level 2 of the Lair of Beasts)

   It inflicts extra damage upon your enemies.
   It affects your dexterity (-4).
   It makes you vulnerable to cold.
   It insulates you from electricity.
   It affects your resistance to hostile enchantments.
   It enhances your eyesight.
Missiles
 w - 4 poisoned needles
Armour
 a - a +0 robe (worn)
 s - a +0 cloak
 F - a +0 cloak
 H - a +0 cloak (worn)
Magical devices
 p - a wand of frost (6)
 y - a wand of teleportation (4)
 z - a wand of fireball (2)
 I - a wand of confusion (8)
 J - a wand of fire (7)
Comestibles
 c - 4 bread rations
 k - 4 chunks of sheep flesh
 u - a choko
Scrolls
 e - a scroll of blinking {unknown}
 f - 2 scrolls of remove curse
 h - a scroll of fear {unknown}
 i - 2 scrolls of enchant weapon II {unknown}
 j - 3 scrolls of magic mapping {unknown}
 l - 2 scrolls of immolation {unknown}
 m - 2 scrolls of amnesia {unknown}
 o - 5 scrolls of identify
 t - 2 scrolls of teleportation {unknown}
 x - 3 scrolls of fog {unknown}
 A - a scroll of enchant armour {unknown}
 G - a scroll of noise {unknown}
Jewellery
 d - an amulet of clarity (around neck)
 g - an uncursed amulet of warding
 C - a ring of protection from fire (left hand)
Potions
 q - 2 potions of flight
 r - 2 potions of cure mutation
 B - a potion of poison {unknown}
 D - 2 potions of curing
Books
 b - a book of Flames

   Spells                             Type                      Level
   *Flame Tongue                      Conjuration/Fire             1
   Throw Flame                        Conjuration/Fire             2
   *Conjure Flame                     Conjuration/Fire             3
   Inner Flame                        Hexes/Fire                   3
   *Sticky Flame                      Conjuration/Fire             4
   *Fireball                          Conjuration/Fire             5


   Skills:
 - Level 2.4 Dodging
 - Level 2.4 Stealth
 + Level 8.2 Spellcasting
 + Level 7.0 Conjurations
 + Level 7.9 Fire Magic
 * Level 7.3 Invocations


You had 11 spell levels left.
You knew the following spells:

 Your Spells              Type           Power        Failure   Level  Hunger
a - Flame Tongue          Conj/Fire      #####        1%          1    None
b - Conjure Flame         Conj/Fire      #####...     1%          3    None
c - Sticky Flame          Conj/Fire      #####...     2%          4    ##.....
d - Fireball              Conj/Fire      #####.....   10%         5    ####...


Dungeon Overview and Level Annotations

Branches:
Dungeon (8/15)             Temple (1/1) D:6            Lair (4/8) D:8
  Swamp: Lair:3-6    Shoals: Lair:3-6     Snake: Lair:3-6    Spider: Lair:3-6

Altars:
Cheibriados
Dithmenos
Elyvilon
Fedhas
Nemelex Xobeh
Sif Muna
Xom
Yredelemnul
Zin
The Shining One


Message History

Aim: a yak (flame, heavily wounded)
The sticky flame hits the yak.
The yak is severely wounded.
The yak is covered in liquid flames!
The yak burns!
The yak is engulfed in roaring flames.
The yak gores you.
Unknown command.
The yak burns!
You kill the yak!
Your Conjurations skill increases to level 7!
Unknown command.
Casting: Sticky Flame
Confirm with . or Enter, or press ? or * to list all spells.
Aiming: Conjure Flame
Press: ? - help, Dir - move target cursor The fire roars!
The yak is engulfed in roaring flames.
The yak is engulfed in roaring flames.
Use which ability? (? or * to list)
You channel some magical energy.
You feel somewhat more hungry.
The yak is engulfed in roaring flames.
The yak gores you!
You die...

..........P# ..........## ..≈
.........## ... ....#.##..###
##.### .
..........##.##..../. .
.##.##.#### .......# #. .
#.....#######....... .## ..#
#....####.#P###..# ..#..
##....#P#...P....####P..###.
#..............@Y§§#........
#......P#...##...#PY§......w#
...........#..##.P..#........
..........................#.
...........#......#.P.......
##..........#.#P.##.P.....##
....#P###.#.....##....###.
#...### #..#.P#.##.#.... ...
...#..#..#....#.
P..........#.##


You could see 2 yaks.

Vanquished Creatures
  A black mamba (Lair:2)
  2 spiny frogs
  2 yaks (Lair:4)
  A wyvern (D:8)
  A water moccasin (Lair:3)
  Menkaure (D:5)
  A porcupine (Lair:1)
  A phantom (D:5)
  3 crocodiles
  A giant frog (Lair:2)
  2 giant slugs
  2 scorpions
  A troll zombie (D:8)
  A giant frog zombie (D:6)
  2 hounds
  An iguana (D:5)
  A worker ant (D:6)
  A big kobold zombie (D:6)
  7 sheep (Lair:3)
  A worker ant zombie (D:6)
  2 orc zombies
  2 adders
  A shadow imp (D:5)
  A worm (D:4)
  4 giant geckos
  3 giant cockroaches
  4 hobgoblins
  2 jackals (Lair:4)
  A quokka (D:8)
  2 ball pythons
  9 bats
  A giant gecko skeleton (D:6)
  3 giant newts
  5 kobolds
  6 rats
  A toadstool (D:1)
80 creatures vanquished.

Vanquished Creatures (others)
  3 toadstools (D:1)
3 creatures vanquished.

Grand Total: 83 creatures vanquished

Notes
Turn   | Place    | Note
--------------------------------------------------------------
     0 | D:1      | 4tharraofdagon, the Deep Elf Fire Elementalist, began the quest for the Orb.
     0 | D:1      | Reached XP level 1. HP: 10/10 MP: 5/5
   208 | D:1      | Reached XP level 2. HP: 15/15 MP: 4/8
   423 | D:5      | Entered Level 5 of the Dungeon
   544 | D:5      | Noticed a phantom
   603 | D:5      | Killed a phantom
   603 | D:5      | Reached skill level 4 in Spellcasting
   603 | D:5      | Reached XP level 3. HP: 19/19 MP: 2/12
   603 | D:5      | Reached XP level 4. HP: 24/24 MP: 2/15
   608 | D:5      | Learned a level 3 spell: Conjure Flame
   613 | D:5      | Learned a level 4 spell: Sticky Flame
   677 | D:5      | Noticed a scorpion
   698 | D:5      | Killed a scorpion
   698 | D:5      | Reached skill level 5 in Fire Magic
   698 | D:5      | Reached XP level 5. HP: 18/28 MP: 1/18
   721 | D:5      | Noticed Menkaure
   725 | D:5      | Killed Menkaure
   725 | D:5      | Reached XP level 6. HP: 22/32 MP: 1/20
   862 | D:6      | Found a staircase to the Ecumenical Temple.
   870 | Temple   | Entered the Ecumenical Temple
   887 | Temple   | ctrl+q
   897 | Temple   | Became a worshipper of Sif Muna the Loreminder
   898 | Temple   | whatever
   961 | D:6      | Reached skill level 5 in Spellcasting
  1001 | D:6      | Learned a level 5 spell: Fireball
  1088 | D:8      | Found a snail-covered altar of Cheibriados.
  1088 | D:8      | Found a sparkling altar of Nemelex Xobeh.
  1101 | D:8      | Reached skill level 1 in Invocations
  1101 | D:8      | Reached XP level 7. HP: 24/36 MP: 15/22
  1122 | D:8      | Found a staircase to the Lair.
  1127 | D:8      | Reached skill level 6 in Fire Magic
  1128 | D:8      | Noticed a wyvern
  1143 | D:8      | Killed a wyvern
  1143 | D:8      | Reached skill level 5 in Conjurations
  1205 | Lair:1   | Entered Level 1 of the Lair of Beasts
  1302 | Lair:2   | Got a brightly glowing battleaxe
  1303 | Lair:2   | Identified the cursed +3,+1 battleaxe "Ocoleuph" {chop, rElec rC- MR++ Dex-4 SInv} (You found it on level 2 of the Lair of Beasts)
  1335 | Lair:2   | Acquired Sif Muna's first power
  1381 | Lair:2   | Noticed a black mamba
  1391 | Lair:2   | Killed a black mamba
  1391 | Lair:2   | Reached XP level 8. HP: 29/41 MP: 6/25
  1470 | Lair:1   | Noticed a spiny frog
  1480 | Lair:1   | Killed a spiny frog
  1480 | Lair:1   | Reached skill level 7 in Spellcasting
  1480 | Lair:1   | Reached skill level 5 in Invocations
  1610 | Lair:3   | Acquired Sif Muna's second power
  1617 | Lair:3   | Noticed a spiny frog
  1646 | Lair:3   | Killed a spiny frog
  1646 | Lair:3   | Reached XP level 9. HP: 36/45 MP: 0/28
  1806 | Lair:4   | Reached skill level 8 in Spellcasting
  1838 | Lair:4   | Slain by a yak

Action                   |  1- 3 |  4- 6 |  7- 9 || total
-------------------------+-------+-------+-------++-------
Melee: Unarmed           |     1 |       |       ||     1
       Falchion          |       |    12 |     6 ||    18
 Cast: Flame Tongue      |    41 |    25 |    57 ||   123
       Sticky Flame      |       |     6 |    11 ||    17
       Conjure Flame     |       |     3 |    10 ||    13
       Fireball          |       |       |     3 ||     3
Invok: Channel Energy    |       |       |    17 ||    17
Evoke: Wand              |       |     3 |     5 ||     8
  Use: Potion            |     1 |     1 |       ||     2
       Scroll            |       |     3 |     1 ||     4
 Stab: Sleeping          |       |       |     1 ||     1
